 Dungeon Crawl Stone Soup version 0.30.1-9-gdf580d7c3d (webtiles) character file.

Game seed: 13351456996668082629

609 Amplified the Sneak (level 7, -2/56 HPs)
             Began as a Formicid Delver on Oct 12, 2023.
             Slain by Prince Ribbit (9 damage)
             ... in the Ecumenical Temple.
             The game lasted 00:08:12 (4388 turns).

Amplified the Sneak (Formicid Delver)               Turns: 4388, Time: 00:08:12

Health: -2/56      AC:  5    Str: 18    XL:     7   Next: 71%
Magic:  7/7        EV: 12    Int: 16    God:
Gold:   299        SH:  4    Dex: 15    Spells: 6/6 levels left

rFire   . . .        h - +3 spear (vamp)
rCold   . . .        (no shield)
rNeg    . . .        b - +0 leather armour
rPois   .            (helmet unavailable)
rElec   .            i - +0 cloak
rCorr   .            p - +0 pair of gloves
SInv    +            (no boots)
Will    .....        (no amulet)
Stlth   +++          l - +6 ring of intelligence
HPRegen 0.29/turn    (no ring)
MPRegen 0.10/turn

%: no passive effects
@: unable to read
A: permanent stasis, dig shafts and tunnels, antennae 3, four strong arms, large
bone plates 1, no potion heal 1, inability to read after injury 1
a: Dig


You were in the Ecumenical Temple.
You visited 2 branches of the dungeon, and saw 7 of its levels.

You collected 299 gold pieces.

Inventory:

Hand Weapons
 a - a +0 mace
 h - a +3 vampiric spear (weapon)
Missiles
 m - 2 curare-tipped darts
Armour
 b - a +0 leather armour (worn)
 i - a +0 cloak (worn)
 p - a +0 pair of gloves (worn)
Jewellery
 l - a +6 ring of intelligence (left hand)
Wands
 f - a wand of digging (3)
Scrolls
 c - a scroll of silence
 d - a scroll of identify
 k - 3 scrolls of amnesia
Potions
 g - 3 potions of brilliance


   Skills:
 * Level 5.6 Fighting
 - Level 2.1 Maces & Flails
 * Level 3.8 Polearms
 * Level 4.2 Armour
 - Level 1.7 Dodging
 - Level 7.2 Stealth


You had 6 spell levels left.
You didn't know any spells.
Your spell library contained the following spells:

 Spells                   Type           Power      Damage    Failure   Level
 Call Canine Familiar     Summ           0%         N/A       65%         3
 Portal Projectile        Hex/Tloc       0%         N/A       65%         3
 Leda's Liquefaction      Hex/Erth       0%         N/A       96%         4


Dungeon Overview and Level Annotations

Branches:
Dungeon (6/15)             Temple (1/1) D:6

Altars:
Ashenzari
Cheibriados
Elyvilon
Fedhas
Gozag
Makhleb
Okawaru
Qazlal
Ru
Trog
Uskayaw
Vehumet
Wu Jian
Xom
Zin
The Shining One

Shops:
D:1 (

Annotations:
D:3 1 runed translucent door, Crazy Yiuf, Sigmund
D:4 2 transporters
D:5 Blork the orc, Grinder
Temple Prince Ribbit


Innate Abilities, Weirdness & Mutations

You cannot be hasted, slowed, berserked, paralysed or teleported.
You can dig through walls and to a lower floor.
You have a pair of large antennae on your head. (SInv)
Your four strong arms can wield two-handed weapons with a shield.
You are partially covered in large bone plates. (SH +4)
Potions are less effective at restoring your health.
You occasionally lose the ability to read scrolls when taking damage.


Message History

Unknown command.
You closely miss Prince Ribbit.
Prince Ribbit is lightly wounded.
Prince Ribbit barely misses you.
You miss Prince Ribbit.
Prince Ribbit is lightly wounded.
Prince Ribbit barely misses you.
You hit Prince Ribbit.
You feel better.
Prince Ribbit is moderately wounded.
Prince Ribbit hits you!
Prince Ribbit blinks!
You hit Prince Ribbit.
You feel better.
Prince Ribbit is heavily wounded.
Prince Ribbit hits you!
You miss Prince Ribbit.
Prince Ribbit is heavily wounded.
Prince Ribbit hits you!
You feel threatened and lose the ability to read scrolls!
Prince Ribbit hits you!
* * * LOW HITPOINT WARNING * * *
You are too injured to fight recklessly!
Okay, then.
You cannot read scrolls in your current state!
Unknown command.
You are confused.
Your system partially rejects the healing.
You feel invigorated.
Prince Ribbit hits you but does no damage.
Unknown command.
Prince Ribbit hits you!
* * * LOW HITPOINT WARNING * * *
Unknown command.
You bump into the mangrove.
Prince Ribbit hits you.
* * * LOW HITPOINT WARNING * * *
Unknown command.
You feel less invigorated.
You feel less confused. Prince Ribbit hits you.
* * * LOW HITPOINT WARNING * * *
Prince Ribbit hits you!
You die...

♣♣≈≈≈≈♣♣♣♣♣♣♣
≈≈≈≈≈≈≈≈≈≈≈≈♣♣
~≈~≈≈≈≈≈≈≈≈≈~♣♣...
..≈~≈≈≈§≈~~≈~......
.~.~~≈~~~..........
~~~~~§.....♣.._...
~~~~~.~.§...♣....♣
...~..♣♣~§F.~.....♣
...._..♣♣♣@.....♣♣
.......♣♣♣~..§.~♣♣♣ .
≈~~.....~...♣.♣.~...♣~♣..♣
~≈~..._..............~....
~~~~.§......_..~....§..._.
♣~~~.~♣.......~♣...._.....
♣~~~..♣♣...~♣♣~...~..~~..
♣~~~........♣♣._..~~~~~..
♣♣~~..~.._..~~~...~~~~~..~


You could see Prince Ribbit.

Vanquished Creatures
  A black bear (D:5)
  An ogre (D:3)
  A scorpion (D:5)
  2 orc priests (D:5)
  2 iguanas
  A jelly (D:5)
  A sleepcap (D:4)
  Robin (D:2)
  3 gnolls (D:3)
  5 adders
  An ufetubus (D:5)
  3 worms
  A dart slug (D:3)
  13 orcs
  7 endoplasms
  3 giant cockroaches
  13 goblins
  7 hobgoblins
  2 quokkas (D:3)
  7 ball pythons
  7 bats
  4 frilled lizards
  8 kobolds
  8 rats
102 creatures vanquished.

Notes
Turn   | Place    | Note
-------+----------+-------------------------------------------
     0 | D:5      | Amplified the Formicid Delver began the quest for the Orb.
     0 | D:5      | Reached XP level 1. HP: 18/18 MP: 1/1
    93 | D:5      | Noticed Grinder
   384 | D:1      | Reached XP level 2. HP: 24/24 MP: 2/2
   536 | D:1      | Reached skill level 1 in Armour
   690 | D:1      | Reached XP level 3. HP: 29/29 MP: 3/3
   774 | D:1      | Found Istiubol's Weapon Boutique.
  1074 | D:2      | Reached skill level 1 in Polearms
  1282 | D:3      | Reached XP level 4. HP: 26/37 MP: 4/4
  1569 | D:3      | Noticed an ogre
  1841 | D:2      | Reached XP level 5. HP: 26/42 MP: 5/5
  1985 | D:2      | Noticed Robin
  2024 | D:2      | Killed Robin
  2478 | D:3      | Found a sacrificial altar of Ru.
  2695 | D:3      | Killed an ogre
  2696 | D:3      | Reached skill level 7 in Stealth
  2696 | D:3      | Reached XP level 6. HP: 49/49 MP: 6/6
  2779 | D:3      | Found a runed translucent door.
  2780 | D:3      | Noticed Crazy Yiuf
  2835 | D:3      | Noticed Sigmund
  2927 | D:4      | Found a transporter.
  2956 | D:4      | Found a transporter.
  2958 | D:4      | Noticed an ice beast
  2981 | D:4      | Noticed an ice beast
  3374 | D:5      | Noticed Blork the orc
  3567 | D:5      | Noticed a black bear
  3593 | D:5      | Reached skill level 5 in Fighting
  3593 | D:5      | Reached XP level 7. HP: 54/56 MP: 7/7
  4313 | D:6      | Found a staircase to the Ecumenical Temple.
  4319 | D:6      | Noticed Prince Ribbit
  4325 | Temple   | Entered the Ecumenical Temple
  4349 | Temple   | Gained mutation: You occasionally lose the ability to read
                  | scrolls when taking damage. [potion of mutation]
  4349 | Temple   | Gained mutation: Potions are less effective at restoring
                  | your health. [potion of mutation]
  4349 | Temple   | Gained mutation: You are partially covered in large bone
                  | plates. (SH +4) [potion of mutation]
  4388 | Temple   | Slain by Prince Ribbit

Illustrated notes

Levels and vault maps discovered:
D:1:      minmay_arrival_solitary_statue, layout_rooms, serial_shops, shop,
          grunt_decor_resistance, minmay_surrounded
D:2:      layout_rooms, uniq_robin
D:3:      layout_loops_corners, hangedman_ru_absence, minmay_ruptured,
          uniq_crazy_yiuf_cottage, uniq_sigmund
D:4:      gammafunk_cloud_chamber, layout_rooms, sigmund_army
D:5:      cheibrodos_iron_armory, layout_loops_ring,
          riverfiend_overflow_shadow_ancestor, uniq_grinder, uniq_blork_the_orc
D:6:      layout_rooms, minmay_temple_entry_mist, st_stairs_11,
          kennysheep_generic_room_16, uniq_pikel, uniq_prince_ribbit1
Temple:   nicolae_temple_bog_church

Skill      XL: |  1  2  3  4  5  6  7 |
---------------+----------------------+-----
Armour         | 1 2 3 4 |  4.2
Polearms       | 1 2 3 |  3.8
Fighting       | 4 5 |  5.6
Stealth        | 7 |  7.2
Maces & Flails | |  2.1
Dodging        | |  1.7

Action                     |  1- 3 |  4- 6 |  7- 9 || total
---------------------------+-------+-------+-------++-------
  Melee: Mace              |     6 |       |       ||     6
         Spear             |    72 |   191 |    73 ||   336
         Punch             |       |     1 |       ||     1
    Use: Scroll            |    11 |     8 |       ||    19
         Potion            |       |     6 |     2 ||     8
   Stab: Sleeping          |    14 |     8 |     1 ||    23
         Distracted        |     1 |     1 |       ||     2
 Armour: Leather armour    |    13 |    30 |    19 ||    62
         Skin              |       |     3 |       ||     3
  Dodge: Dodged            |    26 |    73 |    51 ||   150
  Block: Other             |       |       |     1 ||     1
